 Dungeon Crawl Stone Soup version 0.30.1-3-gfc49f6343a (webtiles) character file.

Game seed: 11602504600630378101

93 cdecastro the Cudgeller (level 4, -4/45 HPs)
             Began as a Troll Fighter on July 23, 2023.
             Slain by Natasha (7 damage)
             ... on level 2 of the Dungeon.
             The game lasted 00:02:58 (1380 turns).

cdecastro the Cudgeller (Troll Fighter)             Turns: 1380, Time: 00:02:59

Health: -4/45      AC:  4    Str: 24    XL:     4   Next: 37%
Magic:  3/3        EV:  9    Int:  4    God:
Gold:   108        SH:  8    Dex: 11    Spells: 3/3 levels left

rFire   . . .        j - +2 dagger (venom)
rCold   . . .        c - +0 kite shield
rNeg    . . .        b - +0 robe
rPois   .            (helmet restricted)
rElec   .            (no cloak)
rCorr   .            (gloves unavailable)
SInv    .            (boots unavailable)
Will    .....        (no amulet)
Stlth   +            (no ring)
HPRegen 1.07/turn    (no ring)
MPRegen 0.08/turn

%: no passive effects
@: slowed, very slow
A: large, unfitting armour, claws 3, regeneration 1, shaggy fur 1, tough skin 1
a: no special abilities


You were on level 2 of the Dungeon.
You visited 1 branch of the dungeon, and saw 2 of its levels.

You collected 108 gold pieces.

Inventory:

Hand Weapons
 a - a +0 flail
 j - a +2 dagger of venom (weapon)
Missiles
 g - 3 boomerangs (quivered)
Armour
 b - a +0 robe (worn)
 c - a +0 kite shield (worn)
 e - a +2 tower shield
Wands
 n - a wand of polymorph (2)
Scrolls
 h - a scroll of summoning {unknown}
 l - a scroll of noise {unknown}
 m - a scroll of fear {unknown}
Potions
 d - a potion of might
 f - a potion of cancellation {unknown}
 i - 2 potions of curing {unknown}
 k - a potion of berserk rage {unknown}
 o - a potion of mutation {unknown}


   Skills:
 + Level 3.1 Fighting
 * Level 3.6 Maces & Flails
 - Level 2.4 Dodging
 - Level 2.6 Shields


You had 3 spell levels left.
You didn't know any spells.
Your spell library contained the following spells:

 Spells                   Type           Power      Damage    Failure   Level
 Ensorcelled Hibernation  Hex/Ice        0%         N/A       88%         2
 Passwall                 Tmut/Erth      0%         N/A       88%         2
 Swiftness                Air            0%         N/A       98%         3


Dungeon Overview and Level Annotations

Branches:
Dungeon (2/15)

Altars:

Annotations:
D:2 Natasha


Innate Abilities, Weirdness & Mutations

You are too large for most types of armour.
You have claws for hands.
Your natural rate of healing is unusually fast.
You are covered in fur. (AC +1)
You have tough skin. (AC +1)


Message History

Natasha closely misses you.
You barely miss Natasha.
Natasha is heavily wounded.
You block the cerulean imp's attack. Natasha claws you.
* * * LOW HITPOINT WARNING * * *
You closely miss Natasha.
Natasha is heavily wounded.
Natasha claws you but does no damage.
The cerulean imp hits you from afar with a +1 spear.
* * * LOW HITPOINT WARNING * * *
Natasha claws you.
* * * LOW HITPOINT WARNING * * *
The cerulean imp closely misses you.
You hit Natasha.
Natasha looks even sicker.
Natasha is heavily wounded.
Natasha claws you.
* * * LOW HITPOINT WARNING * * *
The cerulean imp hits you but does no damage.
You closely miss Natasha.
Natasha is heavily wounded.
Natasha closely misses you.
The cerulean imp hits you from afar with a +1 spear.
* * * LOW HITPOINT WARNING * * *
You block Natasha's attack.
The cerulean imp hits you from afar with a +1 spear.
* * * LOW HITPOINT WARNING * * *
You miss Natasha.
Natasha is heavily wounded.
You block the cerulean imp's attack. Natasha claws you.
* * * LOW HITPOINT WARNING * * *
Natasha barely misses you.
The cerulean imp hits you from afar with a +1 spear.
* * * LOW HITPOINT WARNING * * *
Okay, then.
Unknown command.
You hit Natasha but do no damage.
Natasha looks as sick as possible!
Natasha is heavily wounded.
The cerulean imp disappears in a puff of smoke!
Natasha barely misses you. Natasha claws you!
You die...

#.#########
#.........#
#########.#
#.# #.# #.#
#.#
#.######.#
#.§h@....#
##########


You could see Natasha (extremely poisoned).

Vanquished Creatures
  Robin (D:2)
  An adder (D:2)
  A gnoll (D:1)
  3 worms (D:2)
  2 dart slugs (D:1)
  5 ball pythons
  7 endoplasms
  7 hobgoblins
  2 jackals (D:1)
  4 bats
  A frilled lizard (D:1)
  8 goblins
  4 kobolds
  5 rats
51 creatures vanquished.

Notes
Turn   | Place    | Note
-------+----------+-------------------------------------------
     0 | D:1      | cdecastro the Troll Fighter began the quest for the Orb.
     0 | D:1      | Reached XP level 1. HP: 22/22 MP: 0/0
    98 | D:1      | Reached XP level 2. HP: 10/29 MP: 1/1
   283 | D:1      | You fall into a shaft and drop 1 floor!
   397 | D:2      | Reached XP level 3. HP: 28/32 MP: 2/2
   536 | D:1      | Found a faded altar of an unknown god.
  1177 | D:2      | Reached XP level 4. HP: 39/44 MP: 3/3
  1177 | D:2      | Noticed Robin
  1188 | D:2      | Killed Robin
  1349 | D:2      | Identified the +1 quarterstaff "Senuy" {heavy, rC+ Dex+3}
  1367 | D:2      | Noticed Natasha
  1379 | D:2      | HP: 1/45 [cerulean imp/+1 spear[Natasha] (4)]
  1380 | D:2      | Slain by Natasha

Illustrated notes

Levels and vault maps discovered:
D:1:      minmay_arrival_checkered_box, layout_loops_cross,
          shapermc_ecumenical_altar_mp_urbaneastern, minmay_tromino_v7
D:2:      layout_basic, nicolae_wormholes, uniq_jessica, uniq_natasha,
          uniq_robin

Skill      XL: |  1  2  3 |
---------------+----------+-----
Maces & Flails | 2 3 |  3.6
Fighting       | 3 |  3.1
Dodging        | |  2.4
Shields        | |  2.6

Action                     |  1- 3 |  4- 6 || total
---------------------------+-------+-------++-------
  Melee: Unarmed           |    95 |    10 ||   105
         Dagger            |    55 |    36 ||    91
   Stab: Sleeping          |     2 |       ||     2
 Armour: Robe              |    45 |    18 ||    63
  Dodge: Dodged            |    53 |    27 ||    80
  Block: Kite shield       |    54 |    21 ||    75
